 Dungeon Crawl Stone Soup version 0.17-a0-2027-gcac42c4 (webtiles) character file.

720 kae the Spear-Bearer (level 7, -4/62 HPs)
             Began as a Naga Fighter on Oct 10, 2015.
             Was an Initiate of Cheibriados.
             Slain by an ogre
             ... wielding a +0 giant club
              (25 damage)
             ... on level 6 of the Dungeon.
             The game lasted 00:04:43 (4763 turns).

kae the Spear-Bearer (Naga Fighter)                 Turns: 4763, Time: 00:04:43

Health: -4/62      AC:  6    Str: 20    XL:     7   Next: 70%
Magic:  7/7        EV:  5    Int:  9    God:    Cheibriados [......]
Gold:   211        SH:  9    Dex: 13    Spells: 0 memorised, 6 levels left

rFire  . . .     SeeInvis +     a - +1 trident
rCold  . . .     Clarity  .     b - +1 scale mail
rNeg   + + .     SustAt   .     c - +0 shield
rPois  +         Gourm    .     (no helmet)
rElec  .         Spirit   .     (no cloak)
rCorr  .         Warding  .     (no gloves)
rMut   .         Stasis   .     (no barding)
MR     .....                    (no amulet)
Stlth  ..........               s - ring of positive energy
                                f - ring of positive energy

@: short of breath, very slightly contaminated, very slow, not resistant to
hostile enchantments, extremely unstealthy
A: see invisible, deformed body, poison resistance, slowness 2, slow metabolism
1, spit poison 2, AC +2
a: Spit Poison, Bend Time, Renounce Religion


You were on level 6 of the Dungeon.
You worshipped Cheibriados.
Cheibriados was noncommittal.
You were not hungry.

You visited 2 branches of the dungeon, and saw 7 of its levels.

You collected 211 gold pieces.

Inventory:

Hand Weapons
 a - a +1 trident (weapon)
Armour
 b - a +1 scale mail (worn)
 c - a +0 shield (worn)
Jewellery
 f - a ring of positive energy (left hand)
 s - a ring of positive energy (right hand)
 w - an uncursed ring of ice
 A - an uncursed amulet of warding {unknown}
Wands
 m - a wand of magic darts (15)
 t - a wand of teleportation (3)
Scrolls
 j - a scroll of enchant armour
 n - 2 scrolls of remove curse
 p - 3 scrolls of teleportation
 u - a scroll of blinking
 x - 4 scrolls of identify
 y - a scroll of fear {unknown}
Potions
 d - a potion of might
 h - 2 potions of poison
 k - a potion of haste
 l - 6 potions of curing
 o - 2 potions of lignification
 r - a potion of beneficial mutation {unknown}
 v - a potion of agility {unknown}
 z - a potion of heal wounds {unknown}
Comestibles
 e - 3 bread rations
 g - 3 meat rations
 i - a slice of pizza
 q - 3 fruits
 B - 3 chunks of flesh


   Skills:
 - Level 3.0 Fighting
 + Level 8.5 Polearms
 - Level 2.4 Armour
 - Level 2.4 Shields


You had 6 spell levels left.
You didn't know any spells.

Dungeon Overview and Level Annotations

Branches:
Dungeon (6/15)             Temple (1/1) D:4

Altars:
Ashenzari
Cheibriados
Dithmenos
Elyvilon
Fedhas
Gozag
Makhleb
Okawaru
Qazlal
Ru
Sif Muna
Vehumet
Xom
Yredelemnul
Zin
The Shining One


Innate Abilities, Weirdness & Mutations

You cannot wear boots.
Your serpentine skin is tough (AC +2).
You have supernaturally acute eyesight.
Armour fits poorly on your strangely shaped body.
Your system is resistant to poisons.
You cover ground very slowly.
You have a slow metabolism.
You can spit poison.


Message History

The orc warrior hits you with a battleaxe!
Read which item? (? for menu, Esc to quit)
Blink to where?
Press: ? - help, Dir - move target cursor You are very lightly contaminated with residual magic.
As you read the scroll of blinking, it crumbles to dust.
The ogre hits you with a giant club!!
Use which ability?
Press: ? - help, Shift-Dir - straight line, f - ogre
Aim: an ogre, wielding a giant club The splash of poison hits the ogre.
The ogre is poisoned.
The ogre is moderately wounded.
You feel slightly more hungry.
You puncture the ogre!
The ogre is almost dead.
You block the ogre's attack.
You completely miss the ogre.
The ogre is almost dead.
The ogre hits you with a giant club!!
You die...

####.#####
#........#
#.##..##.#
#.###.##.#
#........#
#####.####
#.# #.# #@#
#O#
##########J#
...........#
#######.####
#.## #..##
##..# #OJ#


You could see an ogre and an ooze.

Vanquished Creatures
  The ghost of kae the Archer, an amateur HEHu (D:4)
  A sky beast (D:5)
  A phantom (D:5)
  An ogre (D:4)
  A scorpion (D:5)
  An orc wizard (D:3)
  A centaur skeleton (D:4)
  A hound (D:5)
  An iguana (D:3)
  5 adders
  An adder skeleton (D:5)
  A worm (D:3)
  3 giant geckos
  13 orcs
  5 giant cockroaches
  8 goblins
  8 hobgoblins
  7 jackals
  11 kobolds
  2 quokkas (D:3)
  10 bats
  A giant gecko skeleton (D:4)
  14 giant newts
  7 rats
105 creatures vanquished.

Notes
Turn   | Place    | Note
--------------------------------------------------------------
     0 | D:1      | kae the Naga Fighter began the quest for the Orb.
     0 | D:1      | Reached XP level 1. HP: 21/21 MP: 1/1
   167 | D:1      | Reached XP level 2. HP: 16/28 MP: 2/2
   656 | D:2      | Reached XP level 3. HP: 27/34 MP: 3/3
  1051 | D:2      | Reached skill level 4 in Polearms
  1051 | D:2      | Reached XP level 4. HP: 12/42 MP: 4/4
  1877 | D:3      | Reached skill level 5 in Polearms
  1877 | D:3      | Reached XP level 5. HP: 15/49 MP: 5/5
  2758 | D:4      | Reached skill level 6 in Polearms
  2758 | D:4      | Reached XP level 6. HP: 56/56 MP: 6/6
  2780 | D:4      | Noticed an ogre
  2786 | D:4      | Killed an ogre
  2828 | D:4      | Found a stormy altar of Qazlal.
  2970 | D:4      | Found a staircase to the Ecumenical Temple.
  3050 | D:4      | Noticed kae's ghost (amateur HEHu)
  3098 | Temple   | Entered the Ecumenical Temple
  3160 | Temple   | Became a worshipper of Cheibriados the Contemplative
  3493 | D:4      | Killed kae's ghost
  3493 | D:4      | Reached skill level 7 in Polearms
  3493 | D:4      | Reached XP level 7. HP: 45/62 MP: 7/7
  3595 | D:5      | Entered Level 5 of the Dungeon
  4220 | D:5      | Reached skill level 8 in Polearms
  4763 | D:6      | Slain by an ogre

Vault maps used:
D:1:      minmay_arrival_stone_box
D:2:      wad_pebble_path, minmay_quantized
D:3:      kennysheep_big_flooded_room, first_bread, minmay_item_behind_shaft
D:4:      temple_hall, grunt_qazlal_clouds
D:6:      nemelex_deck, kennysheep_generic_room_5
Temple:   nicolae_temple_x_marks_the_god_16

Action                   |  1- 3 |  4- 6 |  7- 9 || total
-------------------------+-------+-------+-------++-------
Melee: Trident           |   124 |   214 |   107 ||   445
 Abil: Spit Poison       |       |     6 |     2 ||     8
  Use: Scroll            |     4 |     8 |     3 ||    15
       Potion            |       |     1 |       ||     1
  Eat: Chunk             |       |     7 |     4 ||    11
